AoeStats
← Sheeps

Arena

509791622Analyzed
1v1 RM · 5d ago on Sep 28, 2026· 22m 35s· 2 players
Game mode
Random Map
Map size
Tiny (2 player)
Population
200
Speed
Normal
Resources
Standard
Victory
Conquest
Starting age
Dark Age
Ending age
Imperial Age
RankedLock teamsTeams togetherTeam positionsShared explorationLock speedFull tech treeHidden civsTurbo modeCheats
Victory
Defeat
🇦🇷 Ethiopians · Argentina
1008
+17
🇨🇦 Danes · Canada
1029
-17
Tympa
10:33 Feudal Age
15:15 Castle Age
14:39 Double-Bit Axe
16:43 Horse Collar
17:29 Gold Mining
18:44 Padded Archer Armor
20:49 Scale Mail Armor
21:17 Forging
21:40 Fletching
Sheeps
8:47 Loom
10:34 Feudal Age
8:50 Loom
14:51 Castle Age
13:17 Double-Bit Axe
13:38 Horse Collar
17:56 Heavy Plow
19:49 Bow Saw
21:46 Town Watch
Connection lost

Rejoining the realm…

Still unreachable

The connection could not be restored.

Session expired

The server has moved on; the page needs a fresh start.